 Dungeon Crawl Stone Soup version 0.25-a0-707-g603da076d2 (webtiles) character file.

Game seed: 14314118805157840730, levelgen mode: deterministic

25 MisterFreud the Skirmisher (level 2, 0/15 HPs)
             Began as a Felid Berserker on Apr 4, 2020.
             Was a Follower of Trog.
             Slain by a bat (1 damage)
             ... on level 3 of the Dungeon.
             The game lasted 00:01:39 (1196 turns).

MisterFreud the Skirmisher (Felid Berserker)        Turns: 1196, Time: 00:01:40

Health: 0/15       AC:  1    Str: 13    XL:     2   Next: 86%
Magic:  3/3        EV: 19    Int:  8    God:    Trog [*.....]
Gold:   79         SH:  0    Dex: 15    Spells: 1/1 levels left
                                        Lives:  0   Deaths: 0

rFire    . . .     SeeInvis +     - Unarmed
rCold    . . .     Gourm    .   (shield unavailable)
rNeg     . . .     Faith    .   (armour unavailable)
rPois    .         Spirit   .   (helmet unavailable)
rElec    .         Reflect  .   (cloak unavailable)
rCorr    .         Harm     .   (gloves unavailable)
MR       .....                  (boots unavailable)
Stlth    ++........             (no amulet)
HPRegen  0.05/turn              f - +3 ring of slaying
MPRegen  0.08/turn              (no ring)

@: mighty, quick
A: very small, no armour, no weapons or thrown items, stealth, claws 1, fangs 3,
see invisible, carnivore, speed 1, shaggy fur 1, slow metabolism 1, sharp paws
a: Berserk, Renounce Religion


You were on level 3 of the Dungeon.
You worshipped Trog.
Trog was aware of your devotion.
You were full.

You visited 1 branch of the dungeon, and saw 3 of its levels.

You collected 79 gold pieces.

Inventory:

Jewellery
 f - a +3 ring of slaying (left paw)
Scrolls
 c - 2 scrolls of identify {unknown}
 d - 2 scrolls of remove curse {unknown}
Potions
 e - a potion of ambrosia {unknown}
Comestibles
 a - a ration


   Skills:
 * Level 4.1 Fighting
 - Level 4.0 Dodging
 - Level 3.0 Unarmed Combat


You had one spell level left.
You didn't know any spells.
Your spell library was empty.

Dungeon Overview and Level Annotations

Branches:
Dungeon (3/15)

Altars:
Xom

Annotations:
D:2 Terence


Innate Abilities, Weirdness & Mutations

You cannot wear armour.
You are incapable of wielding weapons or throwing items.
Your paws allow you to move quietly. (Stealth)
You have sharp claws.
You have razor-sharp teeth.
You have supernaturally acute eyesight. (SInv)
You are carnivorous and can eat meat at any time.
You cover ground quickly.
You are covered in fur. (AC +1)
You have a slow metabolism.
Your sharp claws are effective at attacking unaware monsters.


Message History

The bat completely misses you. The bat misses you. The bat closely misses you.
The bat closely misses you. The bat misses you. The bat closely misses you.
The bat misses you. The bat misses you. The bat barely misses you.
There is an escape hatch in the floor here.
The bat barely misses you. The bat misses you. The bat closely misses you.
The bat completely misses you.
You slide downwards.
The hatch slams shut behind you.
A worm comes into view.
Found a cloak and a whip.
You barely miss the bat. The bat hits you but does no damage. The bat hits you.
* * * LOW HITPOINT WARNING * * *
Okay, then.
The bat completely misses you.
It was a potion of might.
You feel very mighty all of a sudden. The bat hits you.
You die...

###.#
...)#
....#
###....##
#........
#...w....
#........
#........
#@.......
#b.......
#.......[
+........
#........
.........
#........
.........


You could see a worm and a bat.

Vanquished Creatures
  5 giant cockroaches
  3 hobgoblins (D:1)
  5 jackals (D:1)
  A ball python (D:2)
  A bat (D:1)
  4 kobolds
  3 rats
22 creatures vanquished.

Notes
Turn   | Place    | Note
-------+----------+-------------------------------------------
     0 | D:1      | MisterFreud the Felid Berserker began the quest for the
                  | Orb.
     0 | D:1      | Reached XP level 1. HP: 10/10 MP: 2/2
   236 | D:1      | Reached XP level 2. HP: 14/14 MP: 3/3
  1099 | D:2      | Found a shimmering altar of Xom.
  1134 | D:2      | Noticed Terence
  1196 | D:3      | Slain by a bat

Levels and vault maps discovered:
D:1:      dpeg_arrival_lava_temple_mockup, layout_basic
D:2:      minmay_chambers_of_ones, layout_loops_ring, xom_teletrap_fun,
          first_ration, uniq_terence
D:3:      layout_basic, lemuel_crystal_altar, fedhas_altar_1

Skill      XL: |  1  2 |
---------------+-------+-----
Fighting       | 4 |  4.1
Dodging        | |  4.0
Unarmed Combat | |  3.0

Action                   || total
-------------------------++-------
Melee: Unarmed           ||    51
       Bite              ||     5
Invok: Berserk           ||     2
  Use: Potion            ||     1
 Stab: Distracted        ||     2
  Eat: Chunk             ||     7
Armor: Skin              ||    17
Dodge: Dodged            ||   135

Table legend:
 A = Non-vault XP
 B = Vault XP
 C = Vault XP percentage of total XP
 D = Non-vault monster count
 E = Vault monster count
 F = Vault count percentage of total count
                 A         B        C        D         E       F
            +---------+---------+-------+---------+---------+-------
      Total |      37 |       0 |   0.0 |      22 |       0 |   0.0
            +---------+---------+-------+---------+---------+-------
        D:1 |      28 |       0 |   0.0 |      16 |       0 |   0.0
        D:2 |       9 |       0 |   0.0 |       6 |       0 |   0.0
            +---------+---------+-------+---------+---------+-------
